 Dungeon Crawl Stone Soup version 0.31-a0-702-gf82c85558f (webtiles) character file.

Game seed: 15327272341092564450

126 qw the Shooter (level 5, -2/32 HPs)
             Began as a Gargoyle Hunter on Sept 8, 2023.
             Slain by Sigmund
             ... wielding a +0 scythe
              (8 damage)
             ... on level 3 of the Dungeon.
             The game lasted 00:00:45 (1657 turns).

qw the Shooter (Gargoyle Hunter)                    Turns: 1657, Time: 00:00:45

Health: -2/32      AC:  8    Str: 15    XL:     5   Next: 10%
Magic:  5/5        EV: 11    Int:  9    God:
Gold:   65         SH:  0    Dex: 15    Spells: 4/4 levels left

rFire   . . .        Y - +0 shortbow
rCold   . . .        (shield currently unavailable)
rNeg    + . .        c - +0 leather armour
rPois   inf          (no helmet)
rElec   +            (no cloak)
rCorr   .            i - +0 pair of gloves
SInv    .            (no boots)
Will    .....        (no amulet)
Stlth   +            (no ring)
HPRegen 0.25/turn    (no ring)
MPRegen 0.09/turn

%: no passive effects
@: confused
A: sickness immunity, AC +4, negative energy resistance 1, electricity
resistance, torment resistance 1, petrification resistance
a: no special abilities


You were on level 3 of the Dungeon.
You visited 1 branch of the dungeon, and saw 3 of its levels.

You collected 167 gold pieces.
You spent 102 gold pieces at shops.


Innate Abilities, Weirdness & Mutations

You are immune to sickness and miasma.
Your stone body is resilient. (AC +4)
You are immune to poison.
You resist negative energy. (rN+)
You are resistant to electric shocks. (rElec)
You are resistant to unholy torment.
You are immune to petrification.


   Skills:
 - Level 3.0 Fighting
 + Level 5.9 Ranged Weapons
 - Level 1.5 Dodging
 - Level 1.1 Stealth


You had 4 spell levels left.
You didn't know any spells.
Your spell library was empty.

Inventory:

Hand Weapons
 Y - a +0 shortbow (weapon)
Armour
 a - a +0 helmet
 c - a +0 leather armour (worn)
 e - a +0 ring mail
 i - a +0 pair of gloves (worn)
Scrolls
 b - a scroll of fear {unknown}
 g - a scroll of identify
Potions
 d - 2 potions of curing
 h - a potion of haste {unknown}

Dungeon Overview and Level Annotations

Branches:
Dungeon (3/15)

Altars:

Shops:
D:2 ([!   D:3 ?

Annotations:
D:3 Sigmund


Message History

You shoot an arrow. The arrow barely misses Sigmund.
Sigmund closely misses you.
You shoot an arrow. The arrow hits Sigmund!
Sigmund is moderately wounded.
Sigmund misses you.
You shoot an arrow. The arrow closely misses Sigmund.
Sigmund hits you with a +0 scythe!
You shoot an arrow. The arrow hits Sigmund.
Sigmund is heavily wounded.
You shoot an arrow. The arrow barely misses Sigmund.
Sigmund hits you but does no damage.
You shoot an arrow. The arrow barely misses Sigmund.
Sigmund closely misses you.
You shoot an arrow. The arrow barely misses Sigmund.
Sigmund closely misses you.
You shoot an arrow. The arrow barely misses Sigmund.
You shoot an arrow. The arrow closely misses Sigmund.
Sigmund whispers, "You'll know eternity soon."
Sigmund gestures wildly while chanting.
Sigmund flickers and vanishes!
Deactivating autopickup; reactivate with Ctrl-A.
You shoot an arrow. Something hits you but does no damage.
You shoot an arrow.
You hear some strange, mumbled words.
You are confused.
You shoot an arrow.
You hear some strange, mumbled words.
You are more confused.
You shoot an arrow. Something hits you!
You shoot an arrow.
You hear some strange, mumbled words.
A puff of flame appears from out of thin air!
The puff of flame hits you!
You shoot an arrow. Something hits you.
You shoot an arrow. Something hits you!
You die...

#...#
#.######..#########
#7.7#
#.........#8.......
#...#
########.##....%:..
#7.7# #..'...#####
#...# ####.....}.#
#7.7# ### #..8#}\}#
#...###.. #...#.}.#
#7.7##..{##
#%..#####
#...#...#@#
#.....8..
#7.7##.#.##
#8....... #...#
#.## #########
#7.7# #.# #...###.#
#7.8##..# #...#..##
##....## ######


There were no monsters in sight!

Vanquished Creatures
  Robin (D:3)
  5 adders
  A worm (D:2)
  A dart slug (D:1)
  2 ball pythons
  6 endoplasms
  2 giant cockroaches (D:1)
  10 hobgoblins
  7 kobolds
  A quokka (D:1)
  3 bats (D:1)
  5 frilled lizards
  14 goblins
  4 rats
62 creatures vanquished.

Notes
Turn   | Place    | Note
-------+----------+-------------------------------------------
     0 | D:1      | qw the Gargoyle Hunter began the quest for the Orb.
     0 | D:1      | Reached XP level 1. HP: 12/12 MP: 1/1
     0 | D:1      | 0 ||| qw: Version: 0.3-a-76-g4403597
     0 | D:1      | 0 ||| qw: Game counter: 1059
     0 | D:1      | 0 ||| qw: Melee chars always use a shield: true
     0 | D:1      | 0 ||| qw: God list: Okawaru
     0 | D:1      | 0 ||| qw: Allow faded altars: false
     0 | D:1      | 0 ||| qw: Do Orc after clearing Dungeon:15 true
     0 | D:1      | 0 ||| qw: Do second Lair branch before Depths: true
     0 | D:1      | 0 ||| qw: Lair rune preference: random
     0 | D:1      | 0 ||| qw: Goals: Normal
     0 | D:1      | 0 ||| PLANNING D:1-11
   141 | D:1      | Reached XP level 2. HP: 17/17 MP: 2/2
   353 | D:1      | Reached XP level 3. HP: 16/21 MP: 3/3
   378 | D:1      | Reached skill level 5 in Ranged Weapons
   544 | D:1      | Found a faded altar of an unknown god.
   544 | D:1      | Noticed a ynoxinul
   589 | D:1      | 589 ||| READING 2 scrolls labelled YKKENG HEMYQA.
   594 | D:1      | 594 ||| READING 3 scrolls labelled LAESUPR VYTUGG.
   595 | D:1      | 595 ||| DRINKING 2 murky puce potions.
   615 | D:1      | 615 ||| READING 2 scrolls of identify.
   615 | D:1      | 615 ||| IDENTIFYING coppery potion
   616 | D:1      | 616 ||| DROPPING scroll of butterflies.
   617 | D:1      | 617 ||| DROPPING potion of lignification.
   714 | D:2      | Found Feosh's Distillery.
   719 | D:2      | 719 ||| BUYING potion of curing (39 gold).
   719 | D:2      | Bought a potion of curing for 39 gold pieces
   719 | D:2      | 719 ||| SHOPLISTING potion of enlightenment (65 gold, have
                  | 12).
   719 | D:2      | 719 ||| SHOPLISTING potion of heal wounds (65 gold, have
                  | 12).
   719 | D:2      | 719 ||| SHOPLISTING potion of mutation (104 gold, have 12).
   770 | D:2      | Reached skill level 3 in Fighting
   910 | D:2      | Reached XP level 4. HP: 21/28 MP: 4/4
   936 | D:2      | Found Atauref's Weapon Boutique.
   944 | D:2      | 944 ||| SHOPLISTING +0 heavy arbalest (121 gold, have 43).
   944 | D:2      | 944 ||| SHOPLISTING +9 orcbow of Xohimn {freeze, Int+4}
                  | (800 gold, have 43).
  1233 | D:2      | Found Goered's Armour Boutique.
  1238 | D:2      | 1238 ||| BUYING +0 pair of gloves (63 gold).
  1238 | D:2      | Bought a +0 pair of gloves for 63 gold pieces
  1238 | D:2      | 1238 ||| SHOPLISTING +2 ring mail "Qaveul" {rF++ Dex+2}
                  | (597 gold, have 27).
  1238 | D:2      | 1238 ||| SHOPLISTING +3 leather armour of willpower (336
                  | gold, have 27).
  1238 | D:2      | 1238 ||| SHOPLISTING scarf of repulsion (168 gold, have
                  | 27).
  1255 | D:2      | 1255 ||| UPGRADING to +0 pair of gloves.
  1260 | D:2      | 1260 ||| READING 2 scrolls labelled ROCEAP UKU.
  1261 | D:2      | 1261 ||| READING scroll labelled SUNELA DULI.
  1262 | D:2      | 1262 ||| READING 2 scrolls of identify.
  1262 | D:2      | 1262 ||| IDENTIFYING fizzy clear potion
  1263 | D:2      | 1263 ||| DROPPING potion of attraction.
  1264 | D:2      | 1264 ||| DROPPING scroll of poison.
  1303 | D:3      | Noticed Robin
  1317 | D:3      | HP: 5/28 [goblin/+0 club[Robin] (6)]
  1318 | D:3      | 1318 ||| READING scroll of teleportation.
  1319 | D:3      | HP: 2/28 [goblin/+0 club[Robin] (2)]
  1329 | D:3      | HP: 4/28 [adder (1)]
  1341 | D:3      | Killed Robin
  1342 | D:3      | Reached XP level 5. HP: 6/32 MP: 5/5
  1342 | D:3      | 1342 ||| FLEEEEING.
  1350 | D:3      | HP: 5/32 [goblin/+0 club[Robin] (3)]
  1504 | D:3      | Found The Oracle's Delphic Readings.
  1639 | D:3      | Noticed Sigmund
  1656 | D:3      | HP: 5/32 [something (6)]
  1657 | D:3      | Slain by Sigmund

Levels and vault maps discovered:
D:1:      roderic_chinese_lattice_arrival, layout_loops_ring,
          dreamdust_ecumenical_altar_sealed_demon, st_stairs_5
D:2:      layout_loops_cross, serial_shops, shop, shop_fountains, shop,
          grunt_decor_clamped, minmay_pentomino_x4
D:3:      layout_loops_ring, nemelex_spade_bored_becter,
          mainiacjoe_overflow_small_starburst,
          mainiacjoe_overflow_six_doors_small, chequers_avenue,
          nicolae_nh_oracle_at_delphi, uniq_robin, uniq_sigmund

Skill      XL: |  1  2  3 |
---------------+----------+-----
Ranged Weapons | 5 |  5.9
Fighting       | 3 |  3.0
Dodging        | |  1.5
Stealth        | |  1.1

Action                     |  1- 3 |  4- 6 || total
---------------------------+-------+-------++-------
   Fire: Shortbow          |   114 |    80 ||   194
    Use: Scroll            |     3 |     4 ||     7
         Potion            |     1 |       ||     1
 Armour: Leather armour    |    48 |    46 ||    94
  Dodge: Dodged            |    32 |    51 ||    83

Table legend:
 A = Non-vault XP
 B = Vault XP
 C = Vault XP percentage of total XP
 D = Non-vault monster count
 E = Vault monster count
 F = Vault count percentage of total count
                 A         B        C        D         E       F
            +---------+---------+-------+---------+---------+-------
      Total |     134 |      47 |  26.0 |      44 |      18 |  29.0
            +---------+---------+-------+---------+---------+-------
        D:1 |      39 |       7 |  15.2 |      24 |       3 |  11.1
        D:2 |      52 |       1 |   1.9 |      15 |       1 |   6.2
        D:3 |      43 |      39 |  47.6 |       5 |      14 |  73.7
            +---------+---------+-------+---------+---------+-------
